 Dungeon Crawl Stone Soup version 0.22-a0-69-g116c2a8 (webtiles) character file.

22 Amnesiac the Gusty (level 2, -7/17 HPs)
             Began as a Tengu Air Elementalist on Jan 11, 2018.
             Mangled by Natasha (8 damage)
             ... on level 2 of the Dungeon.
             The game lasted 00:01:36 (965 turns).

Amnesiac the Gusty (Tengu Air Elementalist)          Turns: 965, Time: 00:01:37

Health: -7/17      AC:  2    Str:  8    XL:     2   Next: 91%
Magic:  1/6        EV: 13    Int: 15    God:
Gold:   85         SH:  0    Dex: 14    Spells: 4/5 levels left

rFire    . . .     SeeInvis .   (no weapon)
rCold    . . .     Gourm    .   (no shield)
rNeg     . . .     Faith    .   a - +0 robe
rPois    .         Spirit   .   (helmet restricted)
rElec    .         Reflect  .   (no cloak)
rCorr    .         Harm     .   (no gloves)
MR       .....                  (boots unavailable)
Stlth    ++........             (no amulet)
HPRegen  0.05/turn              (no ring)
MPRegen  0.10/turn              (no ring)

@: no status effects
A: beak, talons 3
a: no special abilities


You were on level 2 of the Dungeon.
You were not hungry.

You visited 1 branch of the dungeon, and saw 2 of its levels.

You collected 85 gold pieces.

Inventory:

Missiles
 n - 55 stones (quivered)
Armour
 a - a +0 robe (worn)
Jewellery
 o - an uncursed ring of flight {unknown}
Scrolls
 f - a scroll of identify {!r, unknown}
 g - a scroll of blinking {!r, unknown}
 h - 4 scrolls of fog {!r, unknown}
 j - a scroll of random uselessness {!r, unknown}
 l - 2 scrolls of teleportation {!r, unknown}
Potions
 e - 2 potions of curing {!q, unknown}
 i - 2 potions of heal wounds {!q, unknown}
 k - a potion of mutation {!q, unknown}
 m - a potion of agility {!q, unknown}
Books
 b - a book of Air

   Spells                             Type                      Level
   a - Shock                          Conjuration/Air              1
   b - Swiftness                      Charms/Air                   2
   c - Static Discharge               Conjuration/Air              3
   d - Airstrike                      Air                          4
   e - Lightning Bolt                 Conjuration/Air              5
Comestibles
 c - a ration
 d - a chunk of flesh


   Skills:
 + Level 2.1 Fighting
 + Level 2.5 Dodging
 - Level 2.0 Stealth
 - Level 2.0 Spellcasting
 - Level 1.3 Conjurations
 - Level 4.0 Air Magic


You had 4 spell levels left.
You knew the following spells:

 Your Spells              Type           Power        Failure   Level  Hunger
a - Shock                 Conj/Air       #...         8%          1    #......


Dungeon Overview and Level Annotations

Branches:
Dungeon (2/15)

Altars:

Annotations:
D:2 Natasha


Innate Abilities, Weirdness & Mutations

You have a beak for a mouth.
You have claws for feet.


Message History

Confirm with . or Enter, or press ? or * to list all spells.
Aiming: Shock
Press: ? - help, Shift-Dir - straight line, p - Natasha
Okay, then.
Press: ? - help, v - describe, . - travel The floor.
Unknown command.
Casting: Shock
Confirm with . or Enter, or press ? or * to list all spells.
You can't see any susceptible monsters within range! (Use Z to cast anyway.) Unknown command.
Unknown command.
Casting: Shock
Confirm with . or Enter, or press ? or * to list all spells.
You can't see any susceptible monsters within range! (Use Z to cast anyway.)
Casting: Shock
Confirm with . or Enter, or press ? or * to list all spells.
Aiming: Shock
Press: ? - help, Shift-Dir - straight line Unknown command.
Casting: Shock
Confirm with . or Enter, or press ? or * to list all spells.
Aiming: Shock
Press: ? - help, Shift-Dir - straight line The zap hits Natasha.
Natasha is lightly wounded.
The zap misses Natasha.
Natasha stares at you and mumbles some strange words.
You resist with significant effort.
Casting: Shock
Confirm with . or Enter, or press ? or * to list all spells.
Aiming: Shock
Press: ? - help, Shift-Dir - straight line The zap hits Natasha.
Natasha is lightly wounded.
The zap hits Natasha.
Natasha is lightly wounded.
Unknown command.
Casting: Shock
Confirm with . or Enter, or press ? or * to list all spells.
Aiming: Shock
Press: ? - help, Shift-Dir - straight line The zap hits Natasha.
Natasha is moderately wounded.
The zap hits Natasha.
Natasha is heavily wounded.
Natasha claws you!
Unknown command.
Casting: Shock
Confirm with . or Enter, or press ? or * to list all spells.
Aiming: Shock
Press: ? - help, Shift-Dir - straight line The zap hits Natasha.
Natasha is severely wounded.
The zap hits Natasha.
Natasha is severely wounded.
Natasha casts a spell at you. The magic dart hits you!
Ouch! That really hurt!
* * * LOW HITPOINT WARNING * * *
You hit Natasha but do no damage.
Natasha is severely wounded.
Natasha claws you!
You die...

#. #. #. #. ##.###.###
.........# . .....#.#.#
l.####...#.#h#
.....#...#.#@#
.....#...#h#.#
.....h...#.#.#####
......)..........#######
..#†##.#...........#
#.##.#####)#####.#
#h...# #.# ###.#####
###### ##.###.......#
##...##.......#


You could see Natasha.

Vanquished Creatures
  A leopard gecko (D:2)
  2 giant cockroaches (D:1)
  3 goblins
  6 hobgoblins
  A bat (D:1)
  2 frilled lizards
  3 kobolds
18 creatures vanquished.

Notes
Turn   | Place    | Note
-------+----------+-------------------------------------------
     0 | D:1      | Amnesiac the Tengu Air Elementalist began the quest for the Orb.
     0 | D:1      | Reached XP level 1. HP: 10/10 MP: 4/4
   126 | D:1      | Reached skill level 1 in Fighting
   358 | D:1      | Reached XP level 2. HP: 16/16 MP: 1/6
   905 | D:2      | Noticed Natasha
   965 | D:2      | Mangled by Natasha

Vault maps used:
D:1:      saegor_arrival_simple_a
D:2:      uniq_jessica, uniq_natasha

Skill      XL: |  1  2 |
---------------+-------+-----
Fighting       | 1 2 |  2.1
Dodging        | |  2.5
Stealth        | |  2.0
Spellcasting   | |  2.0
Conjurations   | |  1.3
Air Magic      | |  4.0

Action                   || total
-------------------------++-------
Melee: Unarmed           ||     4
 Cast: Shock             ||    46
  Eat: Chunk             ||     1
Armor: Robe              ||     3
Dodge: Dodged            ||     8

Table legend:
 A = Spawn XP
 B = Non-spawn XP
 C = Spawn XP percentage of total XP
 D = Spawn monster count
 E = Non-spawn monster count
 F = Spawn count percentage of total count
 G = Total turns spent on level
                    A         B        C        D         E        F      G
               +---------+---------+-------+---------+---------+-------+---------
         Total |       0 |      32 |   0.0 |       0 |      18 |   0.0 |   965
               +---------+---------+-------+---------+---------+-------+---------
           D:1 |       0 |      23 |   0.0 |       0 |      13 |   0.0 |   844
           D:2 |       0 |       9 |   0.0 |       0 |       5 |   0.0 |   121
               +---------+---------+-------+---------+---------+-------+---------
